 Dungeon Crawl Stone Soup version 0.29.1-14-g9c671dbff4 (webtiles) character file.

Game seed: 13307680306132483663

27 ChadusMaximus the Trooper (level 2, 27/27 HPs)
             Began as a Minotaur Fighter on Feb 12, 2023.
             Got out of the dungeon alive.
             The game lasted 00:01:43 (2207 turns).

ChadusMaximus the Trooper (Minotaur Fighter)        Turns: 2207, Time: 00:01:43

Health: 27/27      AC:  8    Str: 20    XL:     2   Next: 93%
Magic:  1/1        EV:  9    Int:  5    God:
Gold:   77         SH:  4    Dex:  9    Spells: 1/1 levels left

rFire   . . .      SeeInvis .   a - +0 war axe
rCold   . . .      Faith    .   c - +0 buckler
rNeg    . . .      Spirit   .   b - +0 scale mail
rPois   .          Reflect  .   (helmet restricted)
rElec   .          Harm     .   (no cloak)
rCorr   .          Rampage  .   h - +0 pair of gloves
Will    .....                   (no boots)
Stlth   ..........              (no amulet)
HPRegen 0.09/turn               (no ring)
MPRegen 0.07/turn               (no ring)

@: no status effects
A: horns 2, retaliatory headbutt
a: no special abilities


You escaped.
You visited 1 branch of the dungeon, and saw 2 of its levels.

You collected 77 gold pieces.

Inventory:

Hand Weapons
 a - a +0 war axe (weapon)
Armour
 b - a +0 scale mail (worn)
 c - a +0 buckler (worn)
 h - a +0 pair of gloves (worn)
Scrolls
 g - a scroll of poison {unknown}
 i - 2 scrolls of enchant weapon {unknown}
 j - 3 scrolls of teleportation {unknown}
 k - a scroll of immolation {unknown}
 l - a scroll of fog {unknown}
Potions
 d - a potion of might
 e - 3 potions of curing {unknown}
 f - 3 potions of haste {unknown}


   Skills:
 + Level 4.0 Fighting
 + Level 3.0 Axes
 + Level 4.0 Armour
 + Level 4.0 Shields


You had one spell level left.
You didn't know any spells.
Your spell library was empty.

Dungeon Overview and Level Annotations

Branches:
Dungeon (2/15)

Altars:


Innate Abilities, Weirdness & Mutations

You have a pair of horns on your head.
You reflexively headbutt those who attack you in melee.


Message History

The goblin hits you but does no damage.
A goblin is nearby!
You closely miss the goblin. The goblin hits you with a +0 dagger.
A goblin is nearby!
You barely miss the goblin. The goblin barely misses you.
The goblin hits you but does no damage.
A goblin is nearby!
You closely miss the goblin. Your headbutt misses the goblin.
The goblin hits you but does no damage.
A goblin is nearby!
You slash the goblin!
You kill the goblin!
Key pressed, stopping explore.
No target in view!
Key pressed, stopping explore.
No target in view!
No target in view!
Done exploring.
No target in view!
Done exploring.
No target in view!
Done exploring.
No target in view!
Done exploring.
There is a stone staircase leading down here.
Welcome back, ChadusMaximus the Minotaur Fighter.
Press ? for a list of commands and other information.
You can't go up here!
There is an escape hatch in the ceiling here.
You can't go down here!
A mysterious force pulls you upwards. The hatch slams shut behind you.
Sorry, I don't know how to traverse that place.
You enter the shallow water.
Moving in this stuff is going to be slow.
You enter the shallow water.
Moving in this stuff is going to be slow.
There is a staircase leading out of the dungeon here.
You can't go down here!
Are you sure you want to leave the Dungeon?
This will make you lose the game!
You have escaped!

.......# #..............####.#
#..##..# #.....[........#>.#.#
#..##..# #..............##.#.#
#..#...###..###.######..##.#.#
.........#..# #.# #..##.#.#
........##..###.### #..##.#.##
.........#..##....# #..##....##
......####..##....# #..##.###.#
#.###.# #..##..@.####..##.# #.#
#.....# #..##..........#..###.#
####### #..............##.....#
#........####..##..##.#
#..##....# #..##..##.# ########
#..##....# #..##..##.#
.......###..####.#####..##..##.##
######.#....# #........#...##...
######...#..# #..####..#........


There were no monsters in sight!

Vanquished Creatures
  A dart slug (D:2)
  2 ball pythons
  2 endoplasms (D:1)
  A giant cockroach (D:2)
  4 goblins (D:2)
  3 hobgoblins
  2 quokkas (D:1)
  4 kobolds
  2 rats (D:1)
21 creatures vanquished.

Vanquished Creatures (others)
  2 demonic plants (D:1)
2 creatures vanquished.

Grand Total: 23 creatures vanquished

Notes
Turn   | Place    | Note
-------+----------+-------------------------------------------
     0 | D:1      | ChadusMaximus the Minotaur Fighter began the quest for the
                  | Orb.
     0 | D:1      | Reached XP level 1. HP: 19/19 MP: 0/0
   323 | D:1      | Found a faded altar of an unknown god.
   798 | D:1      | Reached XP level 2. HP: 27/27 MP: 1/1
  2207 | D:$      | Got out of the dungeon alive.

Illustrated notes

Levels and vault maps discovered:
D:1:      dpeg_arrival_boxes_within_box, layout_loops_ring, serial_rivers,
          chequers_serial_rivers_micro_d, chequers_serial_rivers_large_a,
          chequers_serial_rivers_micro_a, chequers_serial_rivers_marsh,
          shapermc_ecumenical_altar_gd
D:2:      layout_basic

Skill      XL: |  1  2 |
---------------+-------+-----
Fighting       | 4 |  4.0
Armour         | 4 |  4.0
Shields        | 4 |  4.0
Axes           | 3 |  3.0

Action                   || total
-------------------------++-------
Melee: War axe           ||    58
       Headbutt          ||     7
Armor: Scale mail        ||    35
Dodge: Dodged            ||    30
Block: Buckler           ||     9
